 Dungeon Crawl Stone Soup version 0.25.1-8-g42b30a86e7 (webtiles) character file.

Game seed: 3922079543520604919

8549 Clowwww the Cleaver (level 11, -12/97 HPs)
             Began as a Minotaur Abyssal Knight on Dec 9, 2020.
             Was a High Priest of Lugonu.
             Mangled by Snorg (14 damage)
             ... on level 10 of the Dungeon.
             The game lasted 00:32:51 (11701 turns).

Clowwww the Cleaver (Minotaur Abyssal Knight)      Turns: 11701, Time: 00:32:53

Health: -12/97     AC: 14    Str: 21    XL:     11   Next: 11%
Magic:  11/11      EV: 12    Int:  9    God:    Lugonu [*****.]
Gold:   324        SH:  0    Dex:  9    Spells: 10/10 levels left

rFire    . . .     SeeInvis .   a - +3 hand axe (flame)
rCold    + . .     Gourm    .   (no shield)
rNeg     + . .     Faith    .   r - +0 scale mail
rPois    .         Spirit   .   (helmet restricted)
rElec    .         Reflect  .   q - +0 cloak (curse)
rCorr    .         Harm     .   (no gloves)
MR       .....                  (no boots)
Stlth    ..........             b - amulet "Vaatis" {RegenMP +Blink rF+ rN+}
HPRegen  0.26/turn              f - ring of ice
MPRegen  0.37/turn              l - +4 ring of protection

@: very slightly contaminated
A: retaliatory headbutt, horns 2
a: Depart the Abyss, Bend Space, Banish, Corrupt, Enter the Abyss, Renounce
Religion, Evoke Blink


You were on level 10 of the Dungeon.
You worshipped Lugonu.
Lugonu was extremely pleased with you.
You were not hungry.

You visited 1 branch of the dungeon, and saw 10 of its levels.
You visited the Abyss 1 time.
You also visited: Sewer and Ossuary.

You collected 534 gold pieces.
You spent 210 gold pieces at shops.

Inventory:

Hand Weapons
 a - a +3 hand axe of flaming (weapon)
Missiles
 D - 2 throwing nets (quivered)
Armour
 q - a cursed +0 cloak (worn)
 r - a +0 scale mail (worn)
Jewellery
 b - the amulet "Vaatis" (around neck) {RegenMP +Blink rF+ rN+}
   (You found it on level 7 of the Dungeon)

   [amulet of magic regeneration]

   It increases your magic regeneration.
   It protects you from fire.
   It protects you from negative energy.
   It lets you blink.
 f - a ring of ice (left hand)
 l - a +4 ring of protection (right hand)
 y - an uncursed ring of fire
 A - an uncursed ring of ice
Wands
 s - a wand of flame (22)
 t - a wand of paralysis (18)
 w - a wand of polymorph (10)
 z - a wand of digging (6)
 G - a wand of disintegration (11)
Scrolls
 g - a scroll of enchant armour {unknown}
 u - 4 scrolls of teleportation
 v - 4 scrolls of remove curse
 F - a scroll of fog
Potions
 d - 11 potions of curing
 e - 3 potions of flight
 h - 2 potions of might {unknown}
 i - 2 potions of brilliance {unknown}
 m - 2 potions of lignification {unknown}
 n - a potion of heal wounds
 o - 3 potions of degeneration {unknown}
 p - 3 potions of stabbing
 x - 2 potions of invisibility {unknown}
 B - 3 potions of berserk rage {unknown}
 C - 2 potions of cancellation {unknown}
 E - 2 potions of magic {unknown}
Comestibles
 c - 15 rations


   Skills:
 + Level 9.4 Fighting
 + Level 13.1 Axes
 + Level 11.0 Armour
 + Level 5.8 Dodging
 + Level 2.1 Stealth
 + Level 2.6 Invocations
 + Level 0.9 Evocations


You had 10 spell levels left.
You didn't know any spells.
Your spell library contained the following spells:

 Spells                   Type           Power        Failure   Level  Hunger
 Corona                   Hex            #......      65%         1    ##.....
 Magic Dart               Conj           #...         65%         1    ##.....
 Sting                    Tmut/Pois      #...         65%         1    ##.....
 Summon Small Mammal      Summ           #...         65%         1    ##.....
 Blink                    Tloc           N/A          80%         2    ###....
 Call Imp                 Summ           #.......     80%         2    ###....
 Ensorcelled Hibernation  Hex/Ice        #.....       80%         2    ###....
 Poisonous Vapours        Pois/Air       #.....       80%         2    ###....
 Slow                     Hex            #.......     80%         2    ###....
 Call Canine Familiar     Summ           #.......     95%         3    ####...
 Confusing Touch          Hex            #.......     95%         3    ####...
 Conjure Flame            Conj/Fire      #.......     95%         3    ####...
 Dazzling Flash           Conj/Hex       #.....       95%         3    ####...
 Ignite Poison            Fire/Tmut/Pois #.......     95%         3    ####...
 Mephitic Cloud           Conj/Pois/Air  #.......     95%         3    ####...
 Summon Guardian Golem    Hex/Summ       #.......     95%         3    ####...
 Tukima's Dance           Hex            #.......     95%         3    ####...
 Olgreb's Toxic Radiance  Pois           #.......     100%        4    #####..
 Summon Ice Beast         Ice/Summ       #.......     100%        4    #####..
 Summon Lightning Spire   Summ/Air       #.......     100%        4    #####..


Dungeon Overview and Level Annotations

Branches:
Dungeon (10/15)            Temple (0/1) D:4            Lair (0/6) D:10
  Sewer (visited)         Ossuary (visited)
    Orc: D:9-12

Altars:
Ashenzari
Elyvilon
Gozag
Hepliaklqana
Makhleb
Nemelex Xobeh
Okawaru
Trog
Uskayaw
Zin
The Shining One
Lugonu

Shops:
D:4 ?   D:5 =

Portals:
Abyss: D:9

Annotations:
D:9 2 transporters, denis1488's ghost, novice DrTm
D:10 Snorg


Innate Abilities, Weirdness & Mutations

You reflexively headbutt those who attack you in melee.
You have a pair of horns on your head.


Message History

Press: ? - help, Dir - move target cursor You are very lightly contaminated with residual magic.
As you read the scroll of blinking, it crumbles to dust.
An orc priest comes into view. It is wielding a +0 dagger.
The orc priest shouts!
You hear a shout!
The hound closely misses you. The orc barely misses you.
The orc hits you but does no damage. The hound barely misses you.
Snorg bites you!
* * * LOW HITPOINT WARNING * * *
Snorg barely misses you. Snorg claws you but does no damage.
The hound bites you but does no damage.
The crimson imp blinks!
The orc closely misses you.
The ogre cries, "Oh dear!
Oh dear!"
The orc closely misses you. You furiously retaliate!
You headbutt the orc!
You kill the orc!
Lugonu accepts your kill. Snorg bites you.
* * * LOW HITPOINT WARNING * * *
Snorg completely misses you. Snorg claws you!
You die...

.....>.... ....o ...
........o ....##...
..o....P. #........
..W..... #........
###..h..####..o...##
...%.W.5..#........F
#.....#ZToh...$.#
##.§§.5o@..O.O..
#..)..#.[.....#.
........#†§.....#
#........Th.†.....#
...........##.......
.........l## )......
...o...>.c. .h.....
............ .##....
..... .# ....


You could see Snorg (berserk), a two-headed ogre (fleeing), a phantom, 2 wargs,
an orc warrior (fleeing), an ogre (fleeing), a bullfrog (fleeing), a centaur
(fleeing), a howler monkey (fleeing), an iguana (fleeing), a hound, an orc
priest, 2 crimson imps, 2 orcs and a centaur warrior skeleton.

Vanquished Creatures
  Erolcha (D:9)
  Erica (D:9)
  An ugly thing (D:8)
  Joseph (D:8)
  Psyche (D:9)
  A hornet (D:9)
  A hippogriff (D:9)
  Sigmund (D:2)
  A wraith (Ossuary)
  Grum (D:9)
  A hungry ghost (D:10)
  Purgy (D:4)
  3 sky beasts
  2 ice beasts (D:9)
  3 phantoms
  2 small abominations (D:7)
  2 black bears (D:6)
  A necrophage (D:9)
  2 orc warriors
  3 wolves (D:9)
  11 ogres
  3 centaurs (D:9)
  2 big kobolds (D:7)
  6 bullfrogs
  A water moccasin skeleton (D:9)
  3 scorpions
  4 killer bees (D:10)
  6 howler monkeys
  3 crimson imps
  A quasit (D:8)
  3 orc priests (D:9)
  7 hounds
  A jelly (D:4)
  2 bullfrog skeletons
  6 orc wizards
  Jessica (D:2)
  3 iguanas
  Ijyb (D:3)
  6 worker ants
  A hound zombie (D:6)
  A mummy (Ossuary)
  A worker ant zombie (D:9)
  13 adders
  A shadow imp (D:6)
  3 adder skeletons
  2 worms
  A dart slug (D:3)
  9 leopard geckos
  23 orcs
  4 ball pythons
  7 bats
  11 giant cockroaches
  7 hobgoblins
  9 jackals
  28 kobolds
  2 quokkas
  6 frilled lizards
  3 gnoll skeletons (Ossuary)
  4 goblins
  5 kobold skeletons (Ossuary)
  2 leopard gecko skeletons
  17 orc skeletons (Ossuary)
  5 rats
265 creatures vanquished.

Notes
Turn   | Place    | Note
-------+----------+-------------------------------------------
     0 | Abyss:1  | Clowwww the Minotaur Abyssal Knight began the quest for the
                  | Orb.
     0 | Abyss:1  | Reached XP level 1. HP: 19/19 MP: 1/1
     1 | Abyss:1  | Found a corrupted altar of Lugonu.
    31 | Abyss:2  | Noticed a large abomination
    33 | D:1      | Escaped the Abyss
   193 | D:1      | Reached XP level 2. HP: 23/27 MP: 2/2
   266 | D:1      | Reached * piety under Lugonu
   531 | D:2      | Noticed Jessica
   539 | D:2      | Killed Jessica
   539 | D:2      | Reached skill level 3 in Axes
   539 | D:2      | Reached XP level 3. HP: 34/34 MP: 3/3
   730 | D:2      | Reached skill level 4 in Axes
   730 | D:2      | Reached XP level 4. HP: 35/41 MP: 4/4
   986 | D:2      | Found a hide-covered altar of Uskayaw.
  1007 | D:2      | Noticed Sigmund
  1021 | D:2      | Killed Sigmund
  1021 | D:2      | Reached skill level 5 in Fighting
  1021 | D:2      | Reached skill level 5 in Axes
  1021 | D:2      | Reached XP level 5. HP: 17/48 MP: 5/5
  1879 | D:3      | Reached XP level 6. HP: 49/56 MP: 6/6
  1889 | D:3      | Found a glowing drain.
  1893 | Sewer    | Entered a sewer
  2331 | Sewer    | Reached ** piety under Lugonu
  3072 | D:3      | Noticed Ijyb
  3086 | D:3      | Killed Ijyb
  3614 | D:4      | Reached skill level 6 in Axes
  3841 | D:4      | Reached XP level 7. HP: 26/61 MP: 7/7
  3862 | D:4      | Found a staircase to the Ecumenical Temple.
  4130 | D:4      | Found Zitupaem's Magic Scroll Emporium.
  4144 | D:4      | Bought a scroll of remove curse for 42 gold pieces
  4144 | D:4      | Bought a scroll of identify for 28 gold pieces
  4144 | D:4      | Bought a scroll of identify for 28 gold pieces
  4144 | D:4      | Bought a scroll of remove curse for 42 gold pieces
  4144 | D:4      | Bought a scroll of remove curse for 42 gold pieces
  4144 | D:4      | Bought a scroll of identify for 28 gold pieces
  4153 | D:4      | Found an opulent altar of Gozag.
  4153 | D:4      | Found a sparkling altar of Nemelex Xobeh.
  4456 | D:4      | Noticed Purgy
  4470 | D:4      | Killed Purgy
  4470 | D:4      | Reached skill level 7 in Axes
  4470 | D:4      | Reached skill level 5 in Armour
  4884 | D:5      | Entered Level 5 of the Dungeon
  5533 | D:5      | Found Deleoli's Jewellery Emporium.
  5572 | D:5      | Found a glowing silver altar of Zin.
  6054 | D:6      | Reached XP level 8. HP: 52/70 MP: 8/8
  6081 | D:6      | Reached skill level 1 in Stealth
  6103 | D:6      | Reached skill level 8 in Axes
  6126 | D:6      | Reached *** piety under Lugonu
  6513 | D:6      | Found a glowing golden altar of the Shining One.
  6663 | D:6      | Found a hazy altar of Hepliaklqana.
  7099 | D:7      | Reached skill level 9 in Axes
  7261 | D:7      | Reached XP level 9. HP: 76/78 MP: 9/9
  7266 | D:7      | Found a transporter.
  7268 | D:7      | Noticed a red ugly thing
  7268 | D:7      | Noticed a purple ugly thing
  7273 | D:7      | Found a transporter.
  7273 | D:7      | Noticed a green ugly thing
  7274 | D:7      | Found a corrupted altar of Lugonu.
  7454 | D:7      | Found a bloodstained altar of Trog.
  7657 | D:7      | Found a burning altar of Makhleb.
  7850 | D:7      | Noticed a satyr
  7850 | D:7      | Noticed an ancient zyme
  7859 | D:7      | Noticed a six-headed hydra
  7859 | D:7      | a satyr changed into a six-headed hydra
  7866 | D:7      | Got a slimy garnet amulet
  7877 | D:7      | Noticed a storm dragon
  7877 | D:7      | a six-headed hydra changed into a storm dragon
  7917 | D:7      | Noticed a queen ant
  7917 | D:7      | a storm dragon changed into a queen ant
  7957 | D:7      | Noticed a five-headed hydra
  7957 | D:7      | a queen ant changed into a five-headed hydra
  8017 | D:7      | Noticed an entropy weaver
  8017 | D:7      | a five-headed hydra changed into an entropy weaver
  8058 | D:7      | an entropy weaver changed into something unseen
  8068 | D:7      | Noticed an emperor scorpion
  8071 | D:7      | Noticed a minotaur
  8071 | D:7      | an emperor scorpion changed into a minotaur
  8089 | D:7      | Noticed an emperor scorpion
  8089 | D:7      | a minotaur changed into an emperor scorpion
  8125 | D:7      | Noticed a dire elephant
  8125 | D:7      | an emperor scorpion changed into a dire elephant
  8139 | D:7      | Noticed a minotaur
  8139 | D:7      | a dire elephant changed into a minotaur
  8193 | D:7      | Noticed a storm dragon
  8193 | D:7      | a minotaur changed into a storm dragon
  8216 | D:7      | Noticed an azure jelly
  8216 | D:7      | a storm dragon changed into an azure jelly
  8237 | D:7      | Noticed a frost giant
  8237 | D:7      | an azure jelly changed into a frost giant
  8246 | D:7      | Noticed a fire giant
  8246 | D:7      | a frost giant changed into a fire giant
  8299 | D:8      | Noticed Joseph
  8327 | D:8      | Killed Joseph
  8327 | D:8      | Reached skill level 10 in Axes
  8365 | D:8      | Found a sand-covered staircase.
  8374 | Ossuary  | Entered an ossuary
  8384 | Ossuary  | Reached **** piety under Lugonu
  8462 | Ossuary  | Reached skill level 5 in Dodging
  8905 | D:8      | Found a white marble altar of Elyvilon.
  8942 | D:8      | Identified the amulet "Vaatis" {RegenMP +Blink rF+ rN+}
                  | (You found it on level 7 of the Dungeon)
  9119 | D:8      | Reached ***** piety under Lugonu
  9125 | D:8      | Reached skill level 11 in Axes
  9147 | D:8      | Noticed a purple ugly thing
  9165 | D:8      | HP: 3/81 [purple ugly thing (4)]
  9167 | D:8      | Killed a purple ugly thing
  9167 | D:8      | Reached XP level 10. HP: 32/88 MP: 10/10
  9653 | D:9      | Noticed Grum
  9666 | D:9      | Killed Grum
  9988 | D:9      | Noticed Erica
 10002 | D:9      | Killed Erica
 10002 | D:9      | Reached skill level 12 in Axes
 10049 | D:9      | Found a transporter.
 10049 | D:9      | Noticed a green ugly thing
 10055 | D:9      | Noticed a toenail golem
 10060 | D:9      | Found a one-way gate to the infinite horrors of the Abyss.
 10060 | D:9      | Noticed denis1488's ghost (novice DrTm)
 10074 | D:9      | Noticed Psyche
 10077 | D:9      | Found a transporter.
 10081 | D:9      | Killed Psyche
 10081 | D:9      | Reached skill level 10 in Armour
 10302 | D:9      | Noticed a wizard
 10716 | D:9      | Found a shattered altar of Ashenzari.
 10808 | D:9      | Found an iron altar of Okawaru.
 10957 | D:9      | Noticed Erolcha
 10979 | D:9      | Killed Erolcha
 11238 | D:9      | Reached XP level 11. HP: 79/97 MP: 11/11
 11657 | D:10     | Entered Level 10 of the Dungeon
 11658 | D:10     | Noticed Snorg
 11666 | D:10     | Reached skill level 13 in Axes
 11692 | D:10     | Noticed a two-headed ogre
 11693 | D:10     | Found a staircase to the Lair.
 11701 | D:10     | HP: 3/97 [Snorg (11)]
 11701 | D:10     | Mangled by Snorg

Illustrated notes

Levels and vault maps discovered:
D:1:      dpeg_arrival_court, layout_rooms
D:2:      layout_basic, lemuel_doored_altar, uniq_jessica, uniq_sigmund
D:3:      layout_loops_corners, gup_sewer_entry_bowl, first_ration,
          minmay_box_of_dots, uniq_ijyb
D:4:      layout_loops_ring, grunt_temple_overflow_opulence,
          minmay_temple_entry_slanted, serial_shops, shop, uniq_purgy
D:5:      layout_layer_cave, overflow_temple_1_default, serial_shops, shop
D:6:      layout_basic, nicolae_overflow_hidden_temple, kennysheep_small_circle
D:7:      gammafunk_corrupted_shrine, layout_basic, kennysheep_mini_moat,
          bloody_trog
D:8:      layout_basic, elyvilon_altar_5, nicolae_ossuary_entry_ruins,
          minivault_24, grunt_ogre_cave, minmay_stone_trees_small,
          small_statue_intersection, hangedman_minor_gate_pass, uniq_joseph
D:9:      layout_stronghold, evilmike_ruin_ashenzari,
          gammafunk_ghost_abyssal_escape, okawaru_metal_pillars_3, uniq_erolcha,
          uniq_psyche, uniq_grum, uniq_erica
D:10:     layout_cave_pools, erik_lair_orcish_takeover, minmay_strange_pillars,
          uniq_snorg

Skill      XL: |  1  2  3  4  5  6  7  8  9 10 11 |
---------------+----------------------------------+-----
Fighting       | 4 5 6 8 9 |  9.4
Axes           | 3 4 5 6 7 9 11 12 13 | 13.1
Invocations    | 2 |  2.6
Armour         | 3 4 5 7 9 10 11 | 11.0
Dodging        | 2 3 4 5 |  5.8
Stealth        | 1 2 |  2.1
Evocations     | |  0.9

Action                   |  1- 3 |  4- 6 |  7- 9 | 10-12 || total
-------------------------+-------+-------+-------+-------++-------
Melee: Hand axe          |    45 |   183 |   409 |   170 ||   807
       Headbutt          |     5 |    26 |    62 |    32 ||   125
Invok: Depart the Abyss  |     1 |       |       |       ||     1
       Bend Space        |       |       |       |     1 ||     1
Evoke: Wand              |       |       |     4 |       ||     4
  Use: Scroll            |       |     8 |    14 |     3 ||    25
       Potion            |       |     1 |     6 |     4 ||    11
  Eat: Chunk             |       |     8 |    12 |     2 ||    22
       Ration            |       |       |     2 |     2 ||     4
Armor: Leather armour    |    14 |    25 |       |       ||    39
       Scale mail        |       |    37 |   151 |    85 ||   273
Dodge: Dodged            |    28 |   114 |   224 |   126 ||   492
